 Seeded DCSS version 0.30-a0-359-gd0147acb1a (webtiles) character file.

Game seed: 13694512553357612568 (custom seed)

52 valliere the Shield-Bearer (level 3, -8/26 HPs)
             Began as an Octopode Fighter on Nov 11, 2022.
             Splashed by a jelly's acid (10 damage)
             ... on level 6 of the Dungeon.
             The game lasted 00:01:35 (1054 turns).

valliere the Shield-Bearer (Octopode Fighter)       Turns: 1054, Time: 00:01:36

Health: -8/26      AC:  1    Str: 17    XL:     3   Next: 85%
Magic:  3/3        EV: 13    Int: 10    God:
Gold:   61         SH:  4    Dex: 11    Spells: 2/2 levels left

rFire   . . .      SeeInvis .      - Unarmed
rCold   . . .      Faith    .    a - +0 buckler
rNeg    . . .      Spirit   .    (helmet restricted)
rPois   .          Reflect  .    (no amulet)
rElec   .          Harm     .    h - +4 ring of slaying
rCorr   .          Rampage  .    (no ring)
Will    .....                    (no ring)
Stlth   +++.......               (no ring)
HPRegen 0.24/turn                (no ring)
MPRegen 0.08/turn                (no ring)
                                 (no ring)
                                 (no ring)

@: no status effects
A: almost no armour, amphibious, 8 rings, camouflage 1, gelatinous body 1,
(nimble swimmer 1), tentacles
a: no special abilities


You were on level 6 of the Dungeon.
You visited 1 branch of the dungeon, and saw 6 of its levels.

You collected 61 gold pieces.

Inventory:

Armour
 a - a +0 buckler (worn)
Jewellery
 h - a +4 ring of slaying (left tentacle)
Scrolls
 c - 4 scrolls of identify {unknown}
 g - a scroll of noise {unknown}
Potions
 b - 2 potions of might
 d - 2 potions of curing {unknown}
 e - a potion of flight {unknown}
 f - a potion of brilliance {unknown}


   Skills:
 + Level 3.1 Fighting
 + Level 3.2 Dodging
 * Level 2.4 Stealth
 + Level 3.2 Shields
 * Level 2.9 Unarmed Combat


You had 2 spell levels left.
You didn't know any spells.
Your spell library contained the following spells:

 Spells                   Type           Power      Damage    Failure   Level
 Sting                    Tmut/Pois      0%         1d3       45%         1
 Poisonous Vapours        Pois/Air       0%         N/A       58%         2
 Sublimation of Blood     Necr           0%         N/A       58%         2
 Olgreb's Toxic Radiance  Pois           0%         N/A       99%         4
 Petrify                  Tmut/Erth      0%         N/A       99%         4
 Irradiate                Conj/Tmut      0%         3d11      100%        5


Dungeon Overview and Level Annotations

Branches:
Dungeon (6/15)
 Temple: D:4-7

Altars:
Kikubaaqudgha
Makhleb
Nemelex Xobeh

Shops:
D:3 [


Innate Abilities, Weirdness & Mutations

You cannot wear most types of armour.
You are amphibious.
You can wear up to eight rings at the same time.
Your skin changes colour to match your surroundings (Stealth+).
Your rubbery body absorbs attacks. (AC +1, EV +1)
((You are camouflaged when in or above water. (Stealth+)))
You have tentacles for arms and can constrict up to eight enemies at once.


Message History

g - a scroll labelled ANUOPRA RUBAU
There is a stone staircase leading down here.
You climb downwards.
Found 3 gold pieces, a small bronze ring and 4 poisoned darts.
There is a stone staircase leading up here.
Found a burning altar of Makhleb and an ancient bone altar of Kikubaaqudgha.
An iguana comes into view.
Found 5 stones.
You see here a +4 ring of slaying.
h - a +4 ring of slaying You now have 61 gold pieces (gained 3).
There are no items here.
h - a +4 ring of slaying (left tentacle)
Found 2 stones.
A hound comes into view.
Found a coppery potion.
Found a stone staircase leading down.
A jelly comes into view.
An orc comes into view. It is wielding a +0 mace.
Found 9 gold pieces.
Found a stone staircase leading up.
Found 19 gold pieces.
The orc shouts!
You hear a bark!
A white imp comes into view.
The white imp gestures at you. The puff of frost hits you.
The jelly quivers.
There is a stone staircase leading down here.
The jelly barely misses you.
You climb downwards.
Found 5 stones and a blue potion.
There is a stone staircase leading up here.
The jelly attacks as you move away! The jelly hits you.
You are splashed with acid!
You bludgeon the jelly!
Your tentacles burn!
* * * LOW HITPOINT WARNING * * *
You squeeze the jelly!
The jelly is almost dead.
The jelly hits you.
* * * LOW HITPOINT WARNING * * *
You are splashed with acid!
You die...

####### ####
.....# ...
..#.##.###
####.#.......
#....#....####
#.@.....(..h
#.#J........
#...<.......
###.........
#S.........
#..........
#!.........
..#########
#..


You could see a jelly.

Vanquished Creatures
  3 dart slugs
  An orc (D:3)
  4 ball pythons
  6 endoplasms
  A giant cockroach (D:1)
  2 hobgoblins
  6 kobolds
  2 quokkas
  3 bats (D:1)
  8 goblins
  4 rats (D:1)
40 creatures vanquished.

Notes
Turn   | Place    | Note
-------+----------+-------------------------------------------
     0 | D:1      | valliere the Octopode Fighter began the quest for the Orb.
     0 | D:1      | Reached XP level 1. HP: 16/16 MP: 1/1
   106 | D:1      | Reached skill level 1 in Stealth
   111 | D:1      | Reached XP level 2. HP: 12/21 MP: 2/2
   410 | D:1      | Reached XP level 3. HP: 21/26 MP: 3/3
   713 | D:3      | Found Ucsypef's Armour Shop.
   944 | D:4      | Found a sparkling altar of Nemelex Xobeh.
  1003 | D:4      | Noticed a scorpion
  1029 | D:5      | Entered Level 5 of the Dungeon
  1030 | D:5      | Found a burning altar of Makhleb.
  1030 | D:5      | Found an ancient bone altar of Kikubaaqudgha.
  1051 | D:6      | Noticed a black bear
  1054 | D:6      | Splashed by a jelly's acid

Illustrated notes

Levels and vault maps discovered:
D:1:      erik_arrival_blinker_ship, layout_basic, bh_walls_and_bars
D:2:      layout_basic, dreamdust_ecumenical_altar_grove, serial_shops,
          nicolae_shop_waterfront
D:3:      layout_loops_cross, mainiacjoe_overflow_tiny_flanked, serial_shops,
          nicolae_square_shop, nicolae_shop_advertising_works
          [nicolae_subvault_shop_adworks], nicolae_shop_overgrown_old_shop, shop
D:4:      layout_loops_ring, nemelex_xobeh_ov_fountains_minmay,
          kennysheep_pointless_box
D:5:      layout_rooms, chequers_temple_overflow_statue_of_worship,
          minmay_temple_entry_enclosed_plants
D:6:      minmay_clustersquares, layout_basic, kennysheep_potato, uniq_menkaure,
          uniq_edmund, uniq_grinder

Skill      XL: |  1  2  3 |
---------------+----------+-----
Stealth        | 1 2 |  2.4
Fighting       | |  3.1
Dodging        | |  3.2
Shields        | |  3.2
Unarmed Combat | |  2.9

Action                   || total
-------------------------++-------
Melee: Unarmed           ||    79
       Tentacles         ||    21
       Constrict         ||    18
       Punch             ||     1
 Stab: Sleeping          ||    15
Armor: Skin              ||     6
Dodge: Dodged            ||    30
Block: Buckler           ||     7

Table legend: (Time is in decaauts)
 A = Elapsed time spent in this place.
 B = Non-inter-level travel time spent in this place.
 C = Inter-level travel time spent in this place.
 D = Time resting spent in this place.
 E = Time spent auto-exploring this place.
 F = Levels seen in this place.
 G = Mean time per level.
                   A        B        C        D        E       F      G
               +--------+--------+--------+--------+--------+-----+--------+
         Total |   1051 |   1037 |     14 |      0 |    769 |   6 |  175.2 |
       Dungeon |   1051 |   1037 |     14 |      0 |    769 |   6 |  175.2 |
               +--------+--------+--------+--------+--------+-----+--------+

Top non-repeatable levels by time:
     D:1: 689 daAuts
     D:3: 209 daAuts
     D:4: 116 daAuts
     D:5: 21 daAuts
     D:2: 11 daAuts
     D:6: 2 daAuts
